 Dungeon Crawl Stone Soup version 0.22-a0-601-gb0ed703 (webtiles) character file.

39 sking99 the Magician (level 3, 21/21 HPs)
             Began as an Octopode Wanderer on July 6, 2018.
             Quit the game on level 2 of the Dungeon.
             The game lasted 00:01:57 (1126 turns).

sking99 the Magician (Octopode Wanderer)            Turns: 1126, Time: 00:01:58

Health: 21/21      AC:  1    Str: 11    XL:     3   Next: 47%
Magic:  9/9        EV: 13    Int: 14    God:
Gold:   40         SH:  0    Dex: 12    Spells: 12/12 levels left

rFire    . . .     SeeInvis .   b - +0 short sword
rCold    . . .     Gourm    .   (no shield)
rNeg     . . .     Faith    .   (helmet restricted)
rPois    .         Spirit   .   (no amulet)
rElec    .         Reflect  .   (no ring)
rCorr    .         Harm     .   (no ring)
MR       .....                  (no ring)
Stlth    +++.......             (no ring)
HPRegen  0.07/turn              (no ring)
MPRegen  0.11/turn              (no ring)
                                (no ring)
                                (no ring)

@: no status effects
A: almost no armour, stealthy swim, amphibious, 8 rings, constrict 8, camouflage
1, gelatinous body 1
a: no special abilities


You were on level 2 of the Dungeon.
You were not hungry.

You visited 1 branch of the dungeon, and saw 2 of its levels.

You collected 40 gold pieces.

Inventory:

Hand Weapons
 b - a +0 short sword (weapon)
Scrolls
 a - a scroll of identify {unknown}
 g - a scroll of amnesia {unknown}
 h - a scroll of random uselessness {unknown}
 i - a scroll of noise {unknown}
 l - a scroll of teleportation {unknown}
Potions
 c - a potion of lignification
 e - a potion of might {unknown}
 f - a potion of degeneration {unknown}
 k - a potion of agility {unknown}
Comestibles
 d - 2 rations


   Skills:
 + Level 1.5(1.7) Short Blades
   Level 1.0(1.4) Long Blades
 + Level 2.0 Dodging
 + Level 2.9 Stealth
 - Level 5.0 Spellcasting
   Level 2.1 Evocations


You had 12 spell levels left.
You didn't know any spells.
Your spell library contained the following spells:

 Spells                   Type           Power        Failure   Level  Hunger
 Magic Dart               Conj           #...         17%         1    None
 Conjure Flame            Conj/Fire      #.......     45%         3    ###....
 Slow                     Hex            #.......     26%         2    ##.....
 Mephitic Cloud           Conj/Pois/Air  #.......     45%         3    ###....
 Blink                    Tloc           N/A          26%         2    ##.....
 Call Imp                 Summ           #.......     26%         2    ##.....


Dungeon Overview and Level Annotations

Branches:
Dungeon (2/15)

Altars:


Innate Abilities, Weirdness & Mutations

You cannot wear most types of armour.
You are very stealthy in the water. (Stealth+)
You are amphibious.
You can wear up to eight rings at the same time.
You can use your tentacles to constrict eight enemies at once.
Your skin changes colour to match your surroundings (Stealth+).
Your rubbery body absorbs attacks. (AC +1, EV +1)


Message History

The leopard gecko hisses angrily.
The leopard gecko bites you. The leopard gecko closely misses you.
You barely miss the leopard gecko. Your grab misses the leopard gecko.
You kill the leopard gecko!
No target in view!
No target in view!
l - a scroll labeled GEREEX IVEPS You now have 40 gold pieces (gained 6).
Eating a chunk of flesh.
You eat the chunk of flesh.
This raw flesh tastes terrible.
Found a stone staircase leading down.
Done exploring.
Done exploring.
There is a stone staircase leading down here.
You can't go up here!
You climb downwards.
Found 14 stones.
There is a stone staircase leading up here.
You can't go down here!
Are you sure you want to abandon this character and quit the game? (Confirm with "yes".) .###########... .......@......( .###########...

There were no monsters in sight!

Vanquished Creatures
  An ooze (D:1)
  A dart slug (D:1)
  2 leopard geckos (D:1)
  2 bats (D:1)
  2 giant cockroaches (D:1)
  5 goblins (D:1)
  3 hobgoblins (D:1)
  2 jackals (D:1)
  2 frilled lizards (D:1)
  4 kobolds (D:1)
  5 rats (D:1)
29 creatures vanquished.

Notes
Turn   | Place    | Note
-------+----------+-------------------------------------------
     0 | D:1      | sking99 the Octopode Wanderer began the quest for the Orb.
     0 | D:1      | sking99 set off with: a +0 short sword, a potion of lignification, a ration
     0 | D:1      | Reached XP level 1. HP: 11/11 MP: 6/6
   180 | D:1      | Reached XP level 2. HP: 17/17 MP: 8/8
   366 | D:1      | Reached skill level 1 in Short Blades
   451 | D:1      | Reached XP level 3. HP: 10/21 MP: 9/9
  1126 | D:2      | Quit the game

Vault maps used:
D:1:      enne_arrival_octagon_isle
D:2:      first_ration, uniq_jessica

Skill      XL: |  1  2  3 |
---------------+----------+-----
Stealth        | 2 |  2.9
Short Blades   | 1 |  1.5
Dodging        | 2 |  2.0
Long Blades    | |  1.0
Spellcasting   | |  5.0
Evocations     | |  2.1

Action                   || total
-------------------------++-------
Melee: Short sword       ||    64
       Constrict         ||    16
       Tentacles         ||    10
 Stab: Sleeping          ||     6
  Eat: Chunk             ||     1
Armor: Skin              ||     2
Dodge: Dodged            ||    47

Table legend:
 A = Spawn XP
 B = Non-spawn XP
 C = Spawn XP percentage of total XP
 D = Spawn monster count
 E = Non-spawn monster count
 F = Spawn count percentage of total count
 G = Total turns spent on level
                    A         B        C        D         E        F      G
               +---------+---------+-------+---------+---------+-------+---------
         Total |       0 |      57 |   0.0 |       0 |      29 |   0.0 |  1126
               +---------+---------+-------+---------+---------+-------+---------
           D:1 |       0 |      57 |   0.0 |       0 |      29 |   0.0 |  1125
               +---------+---------+-------+---------+---------+-------+---------
